 Dungeon Sprint DCSS version 0.30-a0-52-g86a8295270 (webtiles) character file.

Game seed: 11618737490670723000

48849 rocky1 the Slayer (level 14, -9/283 HPs)
             Began as an Ogre Gladiator on Sept 5, 2022.
             Was an Initiate of Gozag.
             Mangled by a ghost moth (10 damage)
             ... called by a spriggan druid
             ... in the Dungeon (Sprint VII: "The Pits") on Sept 7, 2022.
             The game lasted 00:44:44 (10587 turns).

rocky1 the Slayer (Ogre Gladiator)                 Turns: 10587, Time: 00:44:45

Health: -9/283     AC: 37    Str: 23 (25) XL:     14   Next: 48%
Magic:  0/14       EV:  1    Int:  5 (9)  God:    Gozag
Gold:   205        SH:  0    Dex:  7 (10) Spells: 13/13 levels left

rFire   + . .      SeeInvis .    H - +4 great mace (protect)
rCold   + . .      Faith    .    (shield currently unavailable)
rNeg    . . .      Spirit   .    (body armour currently unavailable)
rPois   +          Reflect  .    (helmet currently unavailable)
rElec   +          Harm     .    (cloak currently unavailable)
rCorr   +          Rampage  .    (gloves unavailable)
Will    +....      NoTele   +    (boots unavailable)
Stlth   +.........               q - amulet of the acrobat
HPRegen 0.57/turn                x - +3 ring of evasion
MPRegen 0.14/turn                w - +3 ring of protection

@: mighty, tree-form, resistant, under a protective aura, bribing [the Dungeon]
A: stationary, stasis, torment immunity, boosted hp, large, unfitting armour,
(tough skin 1), (deformed body), subdued magic 1
a: End Transformation, Renounce Religion, Potion Petition, Call Merchant, Bribe
Branch


You were in the Dungeon.
You worshipped Gozag.
Gozag was aware of your devotion.
You were a tree.
You visited 1 branch You collected 15981 gold pieces.
You spent 5010 gold pieces at shops.
You paid 10766 gold pieces to Gozag.

Inventory:

Hand Weapons
 a - a +4 battleaxe of freezing
 b - a +0 giant spiked club
 s - a +7 giant club
 y - a +2 demon whip of venom
 C - a +2 war axe of freezing
 H - a +4 great mace of protection (weapon)
 J - the +8 trishula "Condemnation" {holy, anguish, *Noise Fly rN+}
   (You bought it in a shop in the Dungeon)

   It has been blessed by the Shining One to cause great damage to the undead
   and demons.
   It inflicts anguish, making its victims' attacks reflect back on them.
   rN:        It protects you from negative energy.
   Fly:       It grants you flight.
   *Noise:    It may make noises in combat.
 K - the +8 storm bow {elec, penet}
   (You bought it in a shop in the Dungeon)

   Any ammunition fired from it occasionally discharges a powerful burst of
   electricity upon striking a foe.
   Any ammunition fired by it passes through the targets it hits, potentially
   hitting all targets in its path until it reaches maximum range.
Missiles
 d - 3 throwing nets (quivered)
 e - a large rock
Armour
 g - +3 gold dragon scales (melded)
 l - a +2 hat (melded)
 o - an orb of guile
 A - a +1 cloak of preservation (melded)
 I - a +0 kite shield of protection
Jewellery
 j - a ring of protection from fire
 p - the ring "Exomeequ" {rC- rCorr Int+6 Dex+4}
   (You found it in the Dungeon)

   [ring of intelligence]

   Int:       It affects your intelligence (+6).
   Dex:       It affects your dexterity (+4).
   rC:        It makes you vulnerable to cold.
   rCorr:     It protects you from acid and corrosion.
 q - an amulet of the acrobat (around neck)
 r - a ring of see invisible
 v - the ring "Potim" {+Blink rF+ rC+ Int+2}
   (You took it off a deep elf pyromancer in the Dungeon)

   [ring of protection from cold]

   Int:       It affects your intelligence (+2).
   rF:        It protects you from fire.
   rC:        It protects you from cold.
   +Blink:    It lets you blink.
 w - a +3 ring of protection (right branch)
 x - a +3 ring of evasion (left branch)
Wands
 n - a wand of paralysis (7)
Scrolls
 k - 3 scrolls of blinking
 m - 5 scrolls of amnesia
 u - a scroll of summoning
 D - 2 scrolls of enchant weapon
 E - a scroll of fear
 F - 3 scrolls of butterflies
Potions
 c - a potion of berserk rage
 f - 6 potions of curing
 h - a potion of flight
 i - 5 potions of magic
 t - 3 potions of mutation
 z - 4 potions of brilliance
 B - a potion of resistance
 G - a potion of haste


   Skills:
 + Level 24.5 Fighting
 + Level 14.3(19.5) Axes
 + Level 18.8(20.3) Maces & Flails
 + Level 7.7(11.9) Polearms
 + Level 2.4 Ranged Weapons
 + Level 4.0 Throwing
 + Level 13.4 Armour
 + Level 16.6 Dodging


You had 13 spell levels left.
You didn't know any spells.
Your spell library contained the following spells:

 Spells                   Type           Power      Damage    Failure   Level
 Poisonous Vapours        Pois/Air       0%         N/A       58%         2
 Sublimation of Blood     Necr           0%         N/A       58%         2
 Wereblood                Tmut           0%         N/A       58%         2
 Summon Lightning Spire   Summ/Air       0%         N/A       99%         4
 Summon Hydra             Summ           0%         N/A       100%        7
 Borgnjor's Revivificati  Necr           0%         N/A       100%        8
 Necromutation            Tmut/Necr      0%         N/A       100%        8
 Chain Lightning          Conj/Air       0%         N/A       100%        9
 Death's Door             Necr           0%         N/A       100%        9
 Corpse Rot               Necr/Pois/Air  Unusable   N/A       N/A         4

Dungeon Overview and Level Annotations

Branches:
Dungeon (1/1)

Altars:
Ashenzari
Cheibriados
Dithmenos
Elyvilon
Fedhas
Gozag
Hepliaklqana
Kikubaaqudgha
Makhleb
Nemelex Xobeh
Okawaru
Qazlal
Ru
Sif Muna
Trog
Uskayaw
Vehumet
Wu Jian
Xom
Yredelemnul
Zin
The Shining One
Jiyva
Lugonu

Shops:
D [[(*


Innate Abilities, Weirdness & Mutations

You are a tree.
Your roots penetrate the ground, keeping you stationary.
You cannot be teleported.
You are immune to unholy pain and torment.
Your maximum health is greatly increased.
Your equipment is partially melded.
You are too large for most types of armour.
((You have tough skin. (AC +1)))
((Armour fits poorly on your strangely shaped body.))
Your spells are a little easier to cast, but a little less powerful.


Message History

Something hits you but does no damage. x2
Something stings you but does no damage.
Unknown command.
You completely miss the bone dragon.
The bone dragon is almost destroyed.
The moth of wrath goads the stone giant on!
The stone giant goes berserk!
You feel you are being watched by something.
Something hits you but does no damage. Something hits you.
* * * LOW HITPOINT WARNING * * *
Something stings you but does no damage.
You cannot move.
You cannot move.
There are monsters nearby!
You thump the bone dragon!
The bone dragon is almost destroyed.
The wolf spider no longer looks unusually strong.
You feel you are being watched by something.
Something hits you but does no damage. x2; Something completely misses you.
The bone dragon bites you.
* * * LOW HITPOINT WARNING * * *
The bone dragon claws you but does no damage.
The bone dragon tramples you but does no damage.
The neqoxec gestures at you.
You feel dopey. Something feeds on your intellect!
You feel you are being watched by something.
Something hits you but does no damage. x2
Something stings you but does no damage.
You hit the bone dragon but do no damage.
The bone dragon is almost destroyed.
The wolf spider rages.
You feel you are being watched by something.
You feel your power leaking away. Something hits you.
* * * LOW HITPOINT WARNING * * *
You feel clumsy. Something hits you!
You die...
Your body crumbles into a pile of gold.

,,,,,,,,,,,,,,***,,,,,,,,,,,,,,,*
,,,**,,,,,,*****,,,,,,,,,,,,,,,,,
,,,,,,,,****,,**,,,,,,,,,,,,,,,,,
##*++****,,,,,**,,,,,,,,,,,,,,,,,
...,,,,,,,,,,,***,,,,,,,,,,,,,,,*
...##Z,,,,,,,,* ***,,,,,,,,,,,***
,....,,,,,,,,,* **++*********
###''####,,,,,*#####++#####******
........####,$*#♣{C.......#*,,,,*
...##......#####D{h.......#*,,,,+
.........CZD).'syt#....#..#*,,,,*
.........3....)Z3.........#******
################).........#*,,,,,
################..#....#..#*,,,,,
.............)''..........#*,,,,,
..............'').........#****++
############..##..#....#..#*,,,,,


You could see a bone dragon, a stone giant (berserk), an alligator (berserk), a
wolf spider (berserk), a moth of wrath, a neqoxec, a warg (berserk) and a quokka
zombie.

Vanquished Creatures
  A deep elf blademaster (D)
  2 nagarajas (D)
  A ghost moth (D)
  2 orc warlords (D)
  A spriggan defender (D)
  A war gargoyle (D)
  A red draconian (D)
  A mummy priest (D)
  A fire dragon (D)
  An eidolon (D)
  A yaktaur captain (D)
  2 catoblepae (D)
  2 hydras (D)
  4 vault guards (D)
  An ogre mage (D)
  A spriggan air mage (D)
  A naga warrior (D)
  A centaur warrior (D)
  A merfolk avatar (D)
  A merfolk aquamancer (D)
  4 two-headed ogres (D)
  A death knight (D)
  An orc high priest (D)
  A death yak (D)
  A dancing weapon (D)
  3 deep elf knights (D)
  A fire crab (D)
  A deep troll (D)
  A sea snake (D)
  A spriggan druid (D)
  A flayed ghost (D)
  2 swamp dragons (D)
  A phantasmal warrior (D)
  2 deep elf archers (D)
  3 manticores (D)
  9 orc knights (D)
  A deep elf pyromancer (D)
  A necromancer (D)
  An orc sorcerer (D)
  A deep elf zephyrmancer (D)
  A guardian serpent (D)
  A smoke demon (D)
  A naga mage (D)
  An eye of devastation (D)
  Maurice (D)
  Joseph (D)
  A molten gargoyle (D)
  2 orange demons (D)
  An efreet (D)
  2 yaktaurs (D)
  A rime drake (D)
  A red devil (D)
  3 trolls (D)
  2 wind drakes (D)
  A polar bear (D)
  4 blink frogs (D)
  A hornet (D)
  A tyrant leech (D)
  5 dream sheep (D)
  A flying skull (D)
  A spriggan (D)
  A ynoxinul (D)
  A fire elemental (D)
  4 water elementals (D)
  A fire bat (D)
  2 redbacks (D)
  2 steam dragons (D)
  3 nagas (D)
  A warg (D)
  A floating eye (D)
  A swamp drake (D)
  A sky beast (D)
  3 hell hounds (D)
  2 orc warriors (D)
  A black bear (D)
  An ice beast (D)
  9 wolves (D)
  An ogre (D)
  A centaur (D)
  A kobold brigand (D)
  A phantom (D)
  Blork the orc (D)
  A necrophage (D)
  A gnoll sergeant (D)
  A scorpion (D)
  12 wights (D)
  3 killer bees (D)
  A hound (D)
  An iron imp (D)
  A jelly (D)
  A gnoll bouda (D)
  An iguana (D)
  An orc wizard (D)
  4 gnolls (D)
  A river rat (D)
  An adder zombie (D)
  An adder simulacrum (D)
  8 orcs (D)
  2 ball pythons (D)
  A bat skeleton (D)
  3 endoplasms (D)
  A giant cockroach (D)
  A quokka (D)
  A ball python simulacrum (D)
  A ball python skeleton (D)
  A bat simulacrum (D)
  2 frilled lizards (D)
  A quokka zombie (D)
189 creatures vanquished.

Vanquished Creatures (others)
  A dream sheep (D)
  A sky beast (D)
  A gnoll (D)
  A worm (D)
4 creatures vanquished.

Grand Total: 193 creatures vanquished

Notes
Turn   | Place    | Note
-------+----------+-------------------------------------------
     0 | D        | rocky1 the Ogre Gladiator began the quest for the Orb.
     0 | D        | Reached XP level 1. HP: 22/22 MP: 1/1
    18 | D        | Reached skill level 3 in Fighting
    22 | D        | Found a bloodstained altar of Trog.
    22 | D        | Found a shimmering blue altar of Sif Muna.
    22 | D        | Found a viscous altar of Jiyva.
    22 | D        | Found a hazy altar of Hepliaklqana.
    22 | D        | Found an opulent altar of Gozag.
    23 | D        | Found a glowing golden altar of the Shining One.
    23 | D        | Found a glowing silver altar of Zin.
    23 | D        | Found a basalt altar of Yredelemnul.
    23 | D        | Found a shimmering altar of Xom.
    23 | D        | Found an ornate altar of the Wu Jian Council.
    23 | D        | Found a sacrificial altar of Ru.
    23 | D        | Found a stormy altar of Qazlal.
    23 | D        | Found an iron altar of Okawaru.
    23 | D        | Found a sparkling altar of Nemelex Xobeh.
    23 | D        | Found a burning altar of Makhleb.
    23 | D        | Found a blossoming altar of Fedhas.
    23 | D        | Found a white marble altar of Elyvilon.
    23 | D        | Found a shadowy altar of Dithmenos.
    23 | D        | Found a snail-covered altar of Cheibriados.
    25 | D        | Found a radiant altar of Vehumet.
    25 | D        | Found a corrupted altar of Lugonu.
    26 | D        | Found a hide-covered altar of Uskayaw.
    26 | D        | Found an ancient bone altar of Kikubaaqudgha.
    26 | D        | Found a broken altar of Ashenzari.
    30 | D        | Became a worshipper of Gozag Ym Sagoz the Greedy
   401 | D        | Reached XP level 2. HP: 32/32 MP: 2/2
   512 | D        | Noticed a floating eye
   514 | D        | Paralysed by a floating eye for 3 turns
   520 | D        | Killed a floating eye
   521 | D        | Reached skill level 6 in Fighting
   521 | D        | Reached skill level 5 in Dodging
   521 | D        | Reached XP level 3. HP: 43/45 MP: 3/3
   521 | D        | Reached XP level 4. HP: 50/53 MP: 4/4
   526 | D        | Reached XP level 5. HP: 54/61 MP: 5/5
   574 | D        | Noticed Blork the orc
   575 | D        | Noticed a sky beast
   575 | D        | Noticed an ice beast
   594 | D        | Reached skill level 7 in Fighting
   604 | D        | Reached skill level 8 in Fighting
   606 | D        | Reached XP level 6. HP: 74/74 MP: 6/6
   624 | D        | Reached skill level 9 in Fighting
   646 | D        | Killed Blork the orc
   660 | D        | Killed an ice beast
   661 | D        | Reached skill level 10 in Fighting
   661 | D        | Reached skill level 10 in Maces & Flails
   661 | D        | Reached XP level 7. HP: 21/85 MP: 7/7
  1223 | D        | Reached skill level 11 in Fighting
  1554 | D        | Reached XP level 8. HP: 88/97 MP: 8/8
  1749 | D        | Noticed Maurice
  1761 | D        | Reached skill level 12 in Fighting
  1777 | D        | Reached skill level 13 in Fighting
  1792 | D        | Killed Maurice
  1793 | D        | Reached XP level 9. HP: 38/111 MP: 9/9
  2123 | D        | Noticed a nagaraja
  2125 | D        | Noticed a red devil
  2141 | D        | Reached skill level 14 in Fighting
  2151 | D        | Killed a red devil
  2159 | D        | HP: 4/114 [nagaraja/+0 spear (20)]
  2159 | D        | HP: 1/114 [constriction (3)]
  2164 | D        | Killed a nagaraja
  2165 | D        | Reached skill level 15 in Fighting
  2165 | D        | Reached skill level 15 in Maces & Flails
  2686 | D        | Upgraded the game from 0.30-a0-50-gb2d611f6b1 to
                  | 0.30-a0-51-g784eafce7f
  2689 | D        | Bought +2 gold dragon scales for 1288 gold pieces
  2689 | D        | Bought a +1 cloak of preservation for 231 gold pieces
  2816 | D        | Noticed a nagaraja
  2816 | D        | Noticed a deep troll
  2826 | D        | Killed a deep troll
  2827 | D        | Reached skill level 16 in Fighting
  2827 | D        | Reached XP level 10. HP: 48/127 MP: 10/10
  2836 | D        | HP: 6/127 [constriction (6)]
  2839 | D        | Killed a nagaraja
  3334 | D        | Bought a +2 hat for 224 gold pieces
  3384 | D        | Noticed a manticore
  3390 | D        | Reached skill level 17 in Fighting
  3401 | D        | Killed a manticore
  3402 | D        | Reached skill level 5 in Armour
  3402 | D        | Reached skill level 10 in Dodging
  3707 | D        | Noticed Joseph
  3723 | D        | Killed Joseph
  3883 | D        | Noticed a manticore
  3883 | D        | Noticed a flayed ghost
  3891 | D        | Killed a flayed ghost
  3892 | D        | Reached skill level 18 in Fighting
  3892 | D        | Reached XP level 11. HP: 127/141 MP: 11/11
  3905 | D        | Killed a manticore
  4010 | D        | Noticed a deep elf knight
  4010 | D        | Noticed a deep elf archer
  4010 | D        | Noticed a deep elf zephyrmancer
  4010 | D        | Noticed a deep elf archer
  4010 | D        | Noticed a five-headed hydra
  4010 | D        | Noticed a swamp dragon
  4019 | D        | Killed a five-headed hydra
  4031 | D        | Killed a deep elf knight
  4034 | D        | Killed a deep elf archer
  4036 | D        | Killed a deep elf zephyrmancer
  4037 | D        | Reached skill level 19 in Fighting
  4037 | D        | Reached skill level 5 in Axes
  4051 | D        | Killed a swamp dragon
  4152 | D        | Killed a deep elf archer
  4534 | D        | Noticed a swamp dragon
  4560 | D        | Killed a swamp dragon
  4585 | D        | Noticed a fire crab
  4599 | D        | Killed a fire crab
  4618 | D        | Reached skill level 20 in Fighting
  4810 | D        | Bought a glowing kite shield for 232 gold pieces
  4858 | D        | Noticed a two-headed ogre
  4858 | D        | Noticed a two-headed ogre
  4859 | D        | Noticed a death yak
  4859 | D        | Noticed an ogre mage
  4859 | D        | Noticed a two-headed ogre
  4859 | D        | Noticed a two-headed ogre
  4864 | D        | Killed a two-headed ogre
  4865 | D        | Reached XP level 12. HP: 125/157 MP: 12/12
  4878 | D        | Killed a two-headed ogre
  4883 | D        | Killed a two-headed ogre
  4889 | D        | Killed an ogre mage
  4896 | D        | Killed a two-headed ogre
  4901 | D        | Killed a death yak
  4902 | D        | Reached skill level 21 in Fighting
  5380 | D        | Noticed a merfolk avatar
  5399 | D        | Killed a merfolk avatar
  5400 | D        | Reached skill level 10 in Armour
  5502 | D        | Noticed an orc high priest
  5516 | D        | Killed an orc high priest
  5542 | D        | Reached skill level 10 in Axes
  5853 | D        | Bought a potion of berserk rage for 100 gold pieces
  5853 | D        | Bought a steel ring for 100 gold pieces
  5853 | D        | Bought a scroll labelled QACAKEUCZUT for 20 gold pieces
  5876 | D        | Noticed a spriggan air mage
  5876 | D        | Noticed a red draconian
  5905 | D        | Killed a red draconian
  5923 | D        | Killed a spriggan air mage
  5938 | D        | Got the ring "Exomeequ" {rC- rCorr Int+6 Dex+4}
  6076 | D        | Noticed a spriggan defender
  6123 | D        | Killed a spriggan defender
  6124 | D        | Reached XP level 13. HP: 78/171 MP: 13/13
  6130 | D        | Reached skill level 22 in Fighting
  6153 | D        | Noticed an eidolon
  6231 | D        | Identified the ring "Potim" {+Blink rF+ rC+ Int+2}
  6570 | D        | Killed a ghost moth
  6933 | D        | Got the Tome of the Pit
  6956 | D        | Killed an eidolon
  6957 | D        | Reached skill level 15 in Dodging
  7564 | D        | Bought a +7 giant club for 580 gold pieces
  7564 | D        | Bought the +8 trishula "Condemnation" {holy, anguish,
                  | *Noise Fly rN+} for 1287 gold pieces
  7564 | D        | Found the +8 trishula "Condemnation" {holy, anguish, *Noise
                  | Fly rN+}
  7564 | D        | Bought the +8 storm bow {elec, penet} for 948 gold pieces
  7564 | D        | Found the +8 storm bow {elec, penet}
  7610 | D        | Reached skill level 23 in Fighting
  7610 | D        | Reached skill level 1 in Polearms
  7985 | D        | Noticed an orc warlord
  7985 | D        | Noticed an orc warlord
  8022 | D        | Killed an orc warlord
  8025 | D        | HP: 8/175 [orc knight/+0 bardiche (8)]
  8127 | D        | Killed an orc warlord
  8234 | D        | Noticed a deep elf blademaster
  8263 | D        | Killed a deep elf blademaster
  8316 | D        | Noticed a vault guard
  8322 | D        | Killed a vault guard
  8715 | D        | Reached skill level 5 in Polearms
  8877 | D        | Reached XP level 14. HP: 176/187 MP: 14/14
  8930 | D        | Reached skill level 24 in Fighting
  9927 | D        | Found the +5 scythe "Finisher" {speed, eviscerate}
 10123 | D        | Upgraded the game from 0.30-a0-51-g784eafce7f to
                  | 0.30-a0-52-g86a8295270
 10175 | D        | Reached skill level 1 in Ranged Weapons
 10547 | D        | Noticed a war gargoyle
 10547 | D        | Noticed a stone giant
 10550 | D        | Noticed a bone dragon
 10552 | D        | Gained mutation: Armour fits poorly on your strangely
                  | shaped body. [a neqoxec]
 10553 | D        | Gained mutation: Your spells are a little easier to cast,
                  | but a little less powerful. [a neqoxec]
 10568 | D        | Killed a war gargoyle
 10583 | D        | HP: 5/283 [something (10)]
 10586 | D        | HP: 2/283 [bone dragon (1)]
 10587 | D        | Mangled by a ghost moth

Illustrated notes

Levels and vault maps discovered:
D:        pitsprint [storerooms_1, entrance_room_1, metal_vault_2, armoury_1,
          mini_pit_1, grid_room_1, main_hall_1, silver_pit, the_coven_3,
          the_vestibule_1, steel_vault_1, golden_pit, hallway_of_sentries,
          crystal_vault_3, iron_vault_2, final_vault]

Skill      XL: |  1  2  3  4  5  6  7  8  9 10 11 12 13 14 |
---------------+-------------------------------------------+-----
Fighting       | 3 6 8 10 11 13 16 18 20 21 23 24 | 24.5
Maces & Flails | 3 6 8 10 11 13 15 16 18 | 18.8
Dodging        | 3 5 6 7 8 10 12 14 15 16 | 16.6
Armour         | 2 6 9 10 12 13 | 13.4
Axes           | 2 7 10 13 14 | 14.3
Polearms       | 5 7 |  7.7
Ranged Weapons | 2 |  2.4
Throwing       | 4 |  4.0

Action                   |  1- 3 |  4- 6 |  7- 9 | 10-12 | 13-15 || total
-------------------------+-------+-------+-------+-------+-------++-------
Melee: Mace              |    16 |    74 |    83 |       |       ||   173
       Flail             |     3 |       |       |       |       ||     3
       Punch             |     1 |     1 |     1 |       |       ||     3
       Dire flail        |       |       |    20 |   417 |   117 ||   554
       Great mace        |       |       |       |       |   243 ||   243
       Trishula          |       |       |       |       |    41 ||    41
Invok: Call Merchant     |       |       |     1 |     2 |     1 ||     4
       Potion Petition   |       |       |       |     1 |     6 ||     7
       Bribe Branch      |       |       |       |       |     1 ||     1
  Use: Potion            |       |     6 |     9 |     5 |     4 ||    24
       Scroll            |       |       |       |     3 |     1 ||     4
 Stab: Sleeping          |     1 |       |       |       |       ||     1
       Distracted        |       |     1 |     1 |     3 |     4 ||     9
       Invisible         |       |       |       |       |     2 ||     2
Armor: Robe              |     4 |    16 |    14 |       |       ||    34
       Gold dragon scale |       |       |    10 |   267 |   292 ||   569
       Skin              |       |       |       |       |    80 ||    80
Dodge: Dodged            |     4 |    25 |    44 |   142 |   166 ||   381

Table legend: (Time is in decaauts) A = Elapsed time spent in this place. B = Non-inter-level travel time spent in this place. C = Inter-level travel time spent in this place. D = Time resting spent in this place. E = Time spent auto-exploring this place. F = Levels seen in this place. G = Mean time per level. A B C D E F G +--------+--------+--------+--------+--------+-----+--------+ Total | 10259 | 10200 | 59 | 7070 | 0 | 1 | 10259.0 | Dungeon | 10259 | 10200 | 59 | 7070 | 0 | 1 | 10259.0 | +--------+--------+--------+--------+--------+-----+--------+

Top non-repeatable levels by time:
       D: 10259 daAuts
